 Dungeon Crawl Stone Soup version 0.28-b1-1-g3c77fb2ed1 (webtiles) character file.

Game seed: 12210281008635249365

440 lordive the Destroyer (level 7, -6/36 HPs)
             Began as a Tengu Conjurer on Jan 31, 2022.
             Mangled by Duvessa (12 damage)
             ... on level 4 of the Dungeon.
             The game lasted 00:04:27 (3966 turns).

lordive the Destroyer (Tengu Conjurer)              Turns: 3966, Time: 00:04:28

Health: -6/36      AC:  2    Str:  7    XL:     7   Next: 2%
Magic:  4/15       EV: 14    Int: 21    God:
Gold:   179        SH:  0    Dex: 12    Spells: 12/15 levels left

rFire   . . .      SeeInvis .   (no weapon)
rCold   . . .      Faith    .   (no shield)
rNeg    . . .      Spirit   .   a - +0 robe
rPois   .          Reflect  .   (helmet restricted)
rElec   .          Harm     .   (no cloak)
rCorr   .          Rampage  .   (no gloves)
Will    .....                   (boots unavailable)
Stlth   ++........              (no amulet)
HPRegen 0.12/turn               (no ring)
MPRegen 0.14/turn               (no ring)

@: flying quickly and evasively, quick
A: beak, talons 3, nimble flight
a: no special abilities


You were on level 4 of the Dungeon.
You visited 1 branch of the dungeon, and saw 4 of its levels.

You collected 179 gold pieces.

Inventory:

Armour
 a - a +0 robe (worn)
 m - a +0 leather armour
Wands
 k - a wand of flame (11)
 o - a wand of iceblast (12)
Scrolls
 b - 2 scrolls of blinking {unknown}
 f - a scroll of enchant weapon {unknown}
 g - a scroll of vulnerability {unknown}
 h - a scroll of brand weapon {unknown}
 j - 2 scrolls of identify {unknown}
 l - a scroll of noise {unknown}
Potions
 c - 3 potions of flight {unknown}
 d - a potion of lignification {unknown}
 e - 2 potions of curing {unknown}
 i - a potion of might {unknown}
 n - a potion of berserk rage {unknown}


   Skills:
 + Level 0.1 Fighting
 + Level 2.5 Dodging
 - Level 2.0 Stealth
 + Level 4.7 Spellcasting
 + Level 8.4 Conjurations


You had 12 spell levels left.
You knew the following spells:

 Your Spells              Type           Power      Damage    Failure   Level
a - Magic Dart            Conj           100%       1d8       1%          1
b - Searing Ray           Conj           80%        2d7       1%          2

Your spell library contained the following spells:

 Spells                   Type           Power      Damage    Failure   Level
 Dazzling Flash           Conj/Hex       44%        N/A       6%          3
 Fulminant Prism          Conj/Hex       11%        3d9       19%         4
 Iskenderun's Mystic Bla  Conj/Tloc      22%        2d6       19%         4


Dungeon Overview and Level Annotations

Branches:
Dungeon (4/15)
 Temple: D:4-7

Altars:

Annotations:
D:4 Duvessa


Innate Abilities, Weirdness & Mutations

You have a beak for a mouth.
You have claws for feet.
Your magical nature lets you fly swiftly and evasively.


Message History

Duvessa is moderately wounded.
Unknown command.
The searing ray misses Duvessa.
The searing ray hits Dowan.
Dowan is almost dead.
The searing ray hits the goblin!
You kill the goblin!
An adder comes into view.
The searing ray hits Duvessa but does no damage.
Duvessa is moderately wounded.
The searing ray hits Dowan!
You kill Dowan!
Duvessa weeps, and shakes her weapon.
Duvessa goes berserk!
You finish channelling your searing ray.
Duvessa misses you.
Duvessa hits you with a +2 short sword of speed!
Duvessa barely misses you.
You have reached level 7!
Unknown command.
Casting: Searing Ray (safe; 1% risk of failure)
Confirm with . or Enter, or press ? or * to list all spells.
Aiming: Searing Ray (safe; 1% risk of failure)
Press: ? - help, Shift-Dir - straight line, f - Duvessa
Aim: Duvessa, wielding a +2 short sword of speed and wearing a +0 leather armour (moderately wounded, berserk, 84% to hit)
The searing ray misses Duvessa. (Press . to maintain the ray.)
The adder hisses angrily.
Duvessa barely misses you. x2
The searing ray hits Duvessa.
Duvessa is moderately wounded.
Duvessa barely misses you.
Duvessa hits you with a +2 short sword of speed!
* * * LOW HITPOINT WARNING * * *
The searing ray hits Duvessa!
Duvessa is heavily wounded.
The searing ray hits the adder.
The adder is heavily wounded.
Duvessa barely misses you.
Duvessa hits you with a +2 short sword of speed!
You die...

##.# #.#####....# #.#
#######
...#####.##)))..#.# #.#
##.......#.###....###.#
#.######.## ##.......#
#.#####.## ##.######
#.......# #.#
#.#####.## ##.# #.#
#<..(# #..# #.# #.###.#
#.#@# #.# #.# ..##e#
#.# #.# ### #S#
#.###.####### #.#
#............ #)#
####.######## #.. #.#
#$# #.# #[# #.#


You could see Duvessa (berserk) and an adder.

Vanquished Creatures
  A necrophage (D:4)
  A kobold brigand (D:4)
  Dowan (D:4)
  A gnoll shaman (D:4)
  2 orc wizards (D:4)
  4 gnolls
  2 adders (D:3)
  3 dart slugs
  9 orcs
  7 ball pythons
  4 endoplasms
  6 giant cockroaches
  7 hobgoblins
  4 quokkas
  6 bats
  6 frilled lizards
  6 goblins
  9 kobolds
  6 rats
85 creatures vanquished.

Vanquished Creatures (others)
  3 plants (D:4)
3 creatures vanquished.

Grand Total: 88 creatures vanquished

Notes
Turn   | Place    | Note
-------+----------+-------------------------------------------
     0 | D:1      | lordive the Tengu Conjurer began the quest for the Orb.
     0 | D:1      | Reached XP level 1. HP: 10/10 MP: 4/4
   266 | D:1      | Reached XP level 2. HP: 15/15 MP: 4/6
   341 | D:1      | Learned a level 2 spell: Searing Ray
   410 | D:1      | Reached skill level 6 in Conjurations
   870 | D:1      | Found a faded altar of an unknown god.
   927 | D:1      | Reached XP level 3. HP: 19/19 MP: 3/7
  1724 | D:2      | Reached XP level 4. HP: 24/24 MP: 6/8
  2532 | D:3      | Reached skill level 7 in Conjurations
  3265 | D:4      | Gained mutation: Your magical nature lets you fly swiftly
                  | and evasively. [Tengu growth]
  3265 | D:4      | Reached XP level 5. HP: 25/28 MP: 3/10
  3569 | D:4      | Noticed a necrophage
  3575 | D:4      | Killed a necrophage
  3576 | D:4      | Reached skill level 8 in Conjurations
  3576 | D:4      | Reached XP level 6. HP: 32/32 MP: 4/13
  3955 | D:4      | Noticed Dowan
  3957 | D:4      | Noticed Duvessa
  3963 | D:4      | Killed Dowan
  3964 | D:4      | Reached XP level 7. HP: 20/36 MP: 8/15
  3966 | D:4      | Mangled by Duvessa

Illustrated notes

Levels and vault maps discovered:
D:1:      sevenhm_arrival_forest_fort_small_6, layout_loops_ring,
          hellmonk_ecumenical_altar_prayer_group, minivault_25
D:2:      layout_loops_ring, minivault_19
D:3:      layout_basic, st_stairs_4
D:4:      layout_loops_ring, marbit_many_paths, portal_sewer_entry_a,
          lexackson_kobold_supper, uniq_duvessa, uniq_natasha

Skill      XL: |  1  2  3  4  5 |
---------------+----------------+-----
Conjurations   | 6 7 8 |  8.4
Spellcasting   | 3 4 |  4.7
Fighting       | |  0.1
Dodging        | |  2.5
Stealth        | |  2.0

Action                   |  1- 3 |  4- 6 |  7- 9 || total
-------------------------+-------+-------+-------++-------
 Cast: Magic Dart        |    77 |    63 |       ||   140
       Searing Ray       |     1 |    11 |     1 ||    13
Armor: Robe              |       |     1 |       ||     1
Dodge: Dodged            |     1 |    10 |     4 ||    15
